 Dungeon Crawl Stone Soup version 0.29.1-2-gbd0b4ee654 (webtiles) character file.

Game seed: 10632479399387462377

448 Icepheonix32 the Insei (level 7, -5/43 HPs)
             Began as an Octopode Transmuter on Nov 17, 2022.
             Slain by an ice beast (12 damage)
             ... on level 5 of the Dungeon.
             The game lasted 00:04:32 (4231 turns).

Icepheonix32 the Insei (Octopode Transmuter)        Turns: 4231, Time: 00:04:33

Health: -5/43      AC:  2    Str: 10    XL:     7   Next: 4%
Magic:  0/20       EV: 21    Int: 15    God:
Gold:   92         SH:  0    Dex: 19    Spells: 2/11 levels left

rFire   . . .      SeeInvis .     - Unarmed
rCold   . . .      Faith    .   (shield currently unavailable)
rNeg    . . .      Spirit   +   (helmet currently unavailable)
rPois   x          Reflect  .   A - amulet of guardian spirit
rElec   .          Harm     .   j - ring of magical power
rCorr   .          Rampage  .   u - ring of willpower
Will    +....                   (no ring)
Stlth   +++.......              (no ring)
HPRegen 0.14/turn               (no ring)
MPRegen 0.17/turn               (no ring)
                                (no ring)
                                (no ring)

@: spider-form
A: venomous fangs, almost no armour, (amphibious), 8 rings, tiny, (camouflage
1), (gelatinous body 1), (nimble swimmer 1), (tentacles)
a: End Transformation


You were on level 5 of the Dungeon.
You were a venomous arachnid creature.
You visited 1 branch of the dungeon, and saw 5 of its levels.

You collected 268 gold pieces.
You spent 176 gold pieces at shops.

Inventory:

Jewellery
 j - a ring of magical power (left front leg)
 r - the amulet of Dolit {Regen+ Int+4}
   (You took it off an orc on level 3 of the Dungeon)

   [amulet of regeneration]

   Int:       It affects your intelligence (+4).
   Regen:     It increases your rate of health regeneration.
 u - a ring of willpower (right front leg)
 A - an amulet of guardian spirit (around neck)
Wands
 n - a wand of polymorph (11)
 v - a wand of flame (8)
 y - a wand of quicksilver (7)
Scrolls
 b - 2 scrolls of identify {unknown}
 c - 2 scrolls of enchant weapon {unknown}
 d - 3 scrolls of magic mapping {unknown}
 e - 5 scrolls of teleportation {unknown}
 f - 2 scrolls of immolation {unknown}
 i - 2 scrolls of vulnerability {unknown}
 l - 3 scrolls of enchant armour {unknown}
 m - a scroll of noise {unknown}
 p - 2 scrolls of amnesia {unknown}
 w - a scroll of poison {unknown}
 x - a scroll of butterflies {unknown}
Potions
 a - 2 potions of lignification
 g - a potion of brilliance {unknown}
 h - 2 potions of attraction {unknown}
 k - a potion of berserk rage {unknown}
 o - a potion of heal wounds {unknown}
 q - a potion of ambrosia {unknown}
 s - a potion of resistance {unknown}
 t - a potion of cancellation {unknown}
 z - a potion of experience {unknown}
 B - a potion of might {unknown}


   Skills:
 + Level 1.4 Fighting
 * Level 3.4 Dodging
 + Level 3.1 Stealth
 + Level 4.3 Unarmed Combat
 * Level 2.9 Spellcasting
 * Level 4.0 Transmutations
 * Level 2.2 Poison Magic


You had 2 spell levels left.
You knew the following spells:

 Your Spells              Type           Power      Damage    Failure   Level
a - Beastly Appendage     Tmut           28%        N/A       13%         1
b - Spider Form           Tmut/Pois      11%        N/A       36%         3
c - Wereblood             Tmut           14%        N/A       17%         2
d - Ignite Poison         Fire/Tmut/Pois 8%         N/A       47%         3

Your spell library contained the following spells:

 Spells                   Type           Power      Damage    Failure   Level
 Slow                     Hex            8%         N/A       41%         1
 Ensorcelled Hibernation  Hex/Ice        4%         N/A       52%         2
 Mephitic Cloud           Conj/Pois/Air  4%         N/A       63%         3
 Ice Form                 Ice/Tmut       8%         N/A       83%         4
 Alistair's Intoxication  Tmut/Pois      7%         N/A       94%         5
 Anguish                  Hex/Necr       1%         N/A       97%         4
 Freezing Cloud           Conj/Ice/Air   1%         6-21      100%        5


Dungeon Overview and Level Annotations

Branches:
Dungeon (5/15)
 Temple: D:4-7

Altars:
Hepliaklqana
Trog

Shops:
D:4 **


Innate Abilities, Weirdness & Mutations

You are a venomous arachnid creature.
You have poisonous fangs.
You are tiny and dextrous.
Your spellcasting is less reliable in this form.
Your armour is entirely melded.
You are incapable of wielding weapons or throwing items.
You cannot wear most types of armour.
((You are amphibious.))
You can wear up to eight rings at the same time.
((Your skin changes colour to match your surroundings (Stealth+).))
((Your rubbery body absorbs attacks. (AC +1, EV +1)))
((You are camouflaged when in or above water. (Stealth+)))
((You have tentacles for arms and can constrict up to eight enemies at once.))


Message History

The ice beast is lightly wounded.
The ice beast completely misses you.
You closely miss the ice beast.
The ice beast is lightly wounded.
The ice beast hits you. The ice beast freezes you!
You tentacle-slap the ice beast but do no damage.
You pierce the ice beast.
The ice beast is lightly wounded.
The ice beast barely misses you.
You barely miss the ice beast.
You pierce the ice beast.
The ice beast is moderately wounded.
The ice beast hits you. The ice beast freezes you!
You are too injured to fight recklessly!
You are too injured to fight recklessly!
You are too injured to fight recklessly!
You are too injured to fight recklessly!
You tentacle-slap the ice beast but do no damage.
Your tentacle spike misses the ice beast.
You squeeze the ice beast, but do no damage.
The ice beast is moderately wounded.
The ice beast hits you. The ice beast freezes you!
* * * LOW HITPOINT WARNING * * *
Unknown command.
Casting: Beastly Appendage (safe; 4% risk of failure)
Confirm with . or Enter, or press ? or * to list all spells.
The spell is quite dangerous to miscast (17% risk of failure)!
Continue anyway?
Your tentacle spike disappears.
You turn into a venomous arachnid creature.
The ice beast completely misses you.
Unknown command.
You hit the ice beast.
The ice beast is heavily wounded.
The ice beast closely misses you.
You hit the ice beast but do no damage.
The ice beast is poisoned.
The ice beast is heavily wounded.
The ice beast closely misses you. The ice beast attacks as you move away!
The ice beast hits you.
* * * LOW HITPOINT WARNING * * *
The ice beast freezes you!
You die...

#.(# #..#
.#####..###
..........#
........#.#
#.......#.##
...........#
#.......#Y.#
........#s.#
#.......#..#
.......##..#
..##.#.##..#
. #...##..#
##..##..#
#.[##..#
#..##..#
#..##..#


You could see an ice beast (very poisoned).

Vanquished Creatures
  Sigmund (D:4)
  A scorpion (D:4)
  A jelly (D:4)
  Ijyb (D:4)
  10 adders
  3 worms
  2 dart slugs (D:3)
  3 orcs (D:3)
  3 ball pythons
  4 bats
  5 endoplasms
  3 giant cockroaches
  8 hobgoblins
  10 jackals
  7 kobolds
  A quokka (D:2)
  5 frilled lizards
  5 goblins
  7 rats
80 creatures vanquished.

Notes
Turn   | Place    | Note
-------+----------+-------------------------------------------
     0 | D:1      | Icepheonix32 the Octopode Transmuter began the quest for
                  | the Orb.
     0 | D:1      | Reached XP level 1. HP: 13/13 MP: 3/3
   459 | D:1      | Reached XP level 2. HP: 18/18 MP: 5/5
   474 | D:1      | Found a faded altar of an unknown god.
  1056 | D:2      | Reached XP level 3. HP: 23/23 MP: 6/6
  1128 | D:2      | Learned a level 3 spell: Spider Form
  1131 | D:2      | Learned a level 2 spell: Wereblood
  1689 | D:2      | Reached XP level 4. HP: 26/28 MP: 7/7
  2244 | D:3      | Identified the amulet of Dolit {Regen+ Int+4}
  2249 | D:3      | Reached skill level 1 in Stealth
  2745 | D:3      | Got the Compendium of Glamour and Poisoning
  2964 | D:3      | Found a bloodstained altar of Trog.
  3159 | D:4      | Found Eshumpiu's Assorted Antiques.
  3175 | D:4      | Reached XP level 5. HP: 33/33 MP: 8/8
  3205 | D:4      | Bought a scroll labelled ZEASUQAHYD for 22 gold pieces
  3205 | D:4      | Bought a scroll labelled QIGROTHR TEXY for 22 gold pieces
  3205 | D:4      | Bought a scroll labelled RIDUKI DIAPS for 22 gold pieces
  3205 | D:4      | Bought a scroll labelled QASHEULI WOEMA for 22 gold pieces
  3205 | D:4      | Bought an iron wand for 88 gold pieces
  3307 | D:4      | Found Iquch's Serpentskin Sales.
  3385 | D:4      | Noticed Ijyb
  3403 | D:4      | Killed Ijyb
  3404 | D:4      | Reached skill level 1 in Poison Magic
  3561 | D:4      | Noticed Sigmund
  3567 | D:4      | Killed Sigmund
  3568 | D:4      | Reached XP level 6. HP: 38/38 MP: 10/10
  3706 | D:4      | Reached XP level 7. HP: 20/43 MP: 11/11
  3720 | D:4      | Learned a level 3 spell: Ignite Poison
  3866 | D:4      | Found a hazy altar of Hepliaklqana.
  4171 | D:5      | Entered Level 5 of the Dungeon
  4231 | D:5      | Slain by an ice beast

Illustrated notes

Levels and vault maps discovered:
D:1:      amcnicky_arrival_flooded_fountain, layout_rooms,
          shapermc_ecumenical_altar_flowoftime
D:2:      layout_loops_ring
D:3:      layout_basic, general_overflow_altar, serial_glass, glass_columns_b,
          glass_columns_a, bh_walls_and_bars
D:4:      layout_loops_ring, mainiacjoe_overflow_boulevard, serial_shops, shop,
          guppyfry_shop_venom, uniq_ijyb, uniq_sigmund
D:5:      layout_loops_ring, minmay_temple_entry_slanted,
          nicolae_concentric_dashed_squares_wild, dk_noncrumbling_3,
          kennysheep_diamond, reono_crystal_passage

Skill      XL: |  1  2  3  4  5  6 |
---------------+-------------------+-----
Transmutations | 3 4 |  4.0
Stealth        | 1 2 3 |  3.1
Poison Magic   | 1 2 |  2.2
Dodging        | 3 |  3.4
Unarmed Combat | 4 |  4.3
Fighting       | |  1.4
Spellcasting   | |  2.9

Action                   |  1- 3 |  4- 6 |  7- 9 || total
-------------------------+-------+-------+-------++-------
Melee: Unarmed           |    75 |   106 |    16 ||   197
       Kick              |    20 |    34 |     4 ||    58
       Constrict         |    17 |    28 |     2 ||    47
       Tentacles         |    11 |    20 |     2 ||    33
       Punch             |     1 |     2 |       ||     3
 Cast: Beastly Appendage |    16 |    24 |     2 ||    42
       Spider Form       |       |       |     1 ||     1
  Use: Potion            |       |     1 |       ||     1
 Stab: Sleeping          |     4 |     8 |       ||    12
       Distracted        |       |     1 |       ||     1
Armor: Skin              |     9 |     8 |     1 ||    18
Dodge: Dodged            |    50 |    53 |     8 ||   111
